 Dungeon Crawl Stone Soup version 0.31-a0-1589-g8f5e8aebd6 (webtiles) character file.

Game seed: 8179528819360608325

39 Atlas the Ruffian (level 3, -1/32 HPs)
             Began as a Troll Shapeshifter on Jan 5, 2024.
             Succumbed to Robin's poison
             ... on level 2 of the Dungeon.
             The game lasted 00:00:50 (907 turns).

Atlas the Ruffian (Troll Shapeshifter)               Turns: 907, Time: 00:00:50

Health: -1/32      AC:  4    Str: 24    XL:     3   Next: 28%
Magic:  2/2        EV:  9    Int:  6    God:
Gold:   44         SH:  0    Dex:  9    Spells: 2/2 levels left

rFire   + .          .
                       - Unarmed
rCold   + . .        (no shield)
rNeg    . . .        a - +0 animal skin
rPois   +            (helmet currently unavailable)
rElec   +            (cloak currently unavailable)
rCorr   +            (gloves unavailable)
SInv    .            (boots unavailable)
Will    +....        (no amulet)
Stlth   +            k - ring of willpower
HPRegen 1.05/turn    (no ring)
MPRegen 0.08/turn

%: no passive effects
@: lethally poisoned (-1 -> -7), beast-form, resistant, attractive
A: beast (slay +2), large, unfitting armour, claws 3, regeneration 1, shaggy fur
1, tough skin 1
a: Begin Untransformation


You were on level 2 of the Dungeon.
You were a hulking beast.
You visited 1 branch of the dungeon, and saw 2 of its levels.

You collected 44 gold pieces.

Inventory:

Armour
 a - a +0 animal skin (worn)
Jewellery
 k - a ring of willpower (left claw)
Talismans
 c - a beast talisman
 d - a flux talisman
 j - a blade talisman
Scrolls
 f - a scroll of teleportation {unknown}
 g - a scroll of fear {unknown}
 h - a scroll of identify {unknown}
Potions
 b - a potion of lignification


   Skills:
 + Level 0.8 Fighting
 + Level 1.7 Dodging
 + Level 3.7 Unarmed Combat
 * Level 3.5 Shapeshifting


You had 2 spell levels left.
You didn't know any spells.
Your spell library was empty.

Dungeon Overview and Level Annotations

Branches:
Dungeon (2/15)

Altars:

Annotations:
D:2 Natasha, Robin


Innate Abilities, Weirdness & Mutations

You are a hulking beast.
Your limbs bulge with bestial killing power. (Slay +2)
You are too large for most types of armour.
You have claws for hands.
Your natural rate of healing is unusually fast.
You are covered in fur. (AC +1)
You have tough skin. (AC +1)


Message History

You are no longer poisoned.
A goblin comes into view. It is wielding a +0 club.
Robin hits you with a +2 spear of venom!
You are poisoned.
A goblin comes into view. It is wielding a +0 dagger.
The goblin shouts!
You scratch Robin.
Robin is lightly wounded.
You feel very sick. Robin hits you but does no damage.
You are more poisoned.
You are too injured to fight recklessly!
You are too injured to fight recklessly!
You are too injured to fight recklessly!
You are too injured to fight recklessly!
You are too injured to fight recklessly!
You scratch Robin but do no damage.
Robin is lightly wounded.
You feel very sick.
A goblin comes into view. It is wielding a +0 dagger.
Robin closely misses you.
You scratch Robin.
Robin is heavily wounded.
You feel sick.
Natasha, Servant of Life and Death comes into view.
Robin hits you with a +2 spear of venom.
* * * LOW HITPOINT WARNING * * *
You are lethally poisoned!
It was a potion of resistance.
You feel protected.
* * * LOW HITPOINT WARNING * * *
You feel very sick.
Natasha hisses angrily.
The goblin no longer looks unusually strong. x2
A kobold comes into view. It is wielding a +0 dagger.
Robin hits you with a +2 spear of venom.
* * * LOW HITPOINT WARNING * * *
It was a potion of attraction.
You feel attractive to monsters.
You die...

#####.# #.....#
#.#####
#.#####.#######
#.............#
...####.#####.#
#.# #)# #h# #g#
.g# #g## #. #g
#.


hK You could see Robin, Natasha, 3 goblins and a kobold (wandering).

Vanquished Creatures
  A dart slug (D:1)
  4 bats (D:1)
  A giant cockroach (D:1)
  8 goblins
  3 hobgoblins (D:1)
  5 jackals (D:1)
  A quokka (D:1)
  5 frilled lizards
  2 kobolds (D:1)
  4 rats (D:1)
34 creatures vanquished.

Notes
Turn   | Place    | Note
-------+----------+-------------------------------------------
     0 | D:1      | Atlas the Troll Shapeshifter began the quest for the Orb.
     0 | D:1      | Reached XP level 1. HP: 18/18 MP: 0/0
    46 | D:1      | Reached XP level 2. HP: 24/26 MP: 1/1
   338 | D:1      | Reached XP level 3. HP: 32/32 MP: 2/2
   893 | D:2      | Noticed Robin
   905 | D:2      | Noticed Natasha
   906 | D:2      | HP: 1/32 [Robin/+2 spear of venom (3)]
   907 | D:2      | Succumbed to Robin's poison

Illustrated notes

Levels and vault maps discovered:
D:1:      dpeg_arrival_water_fire, layout_loops_ring
D:2:      layout_loops_ring, grunt_decor_arrowhead, nrook_mini_backslash,
          minivault_11, uniq_natasha, uniq_robin

Action                     || total
---------------------------++-------
  Melee: Unarmed           ||    69
         Punch             ||     1
    Use: Potion            ||     2
 Armour: Animal skin       ||    43
  Dodge: Dodged            ||    23

Table legend: (Time is in decaauts)
 A = Elapsed time spent in this place.
 B = Non-inter-level travel time spent in this place.
 C = Inter-level travel time spent in this place.
 D = Time resting spent in this place.
 E = Time spent auto-exploring this place.
 F = Levels seen in this place.
 G = Mean time per level.
                   A        B        C        D        E       F      G
               +--------+--------+--------+--------+--------+-----+--------+
         Total |    902 |    863 |     39 |      0 |    695 |   2 |  451.0 |
       Dungeon |    902 |    863 |     39 |      0 |    695 |   2 |  451.0 |
               +--------+--------+--------+--------+--------+-----+--------+

Top non-repeatable levels by time:
     D:1: 809 daAuts
     D:2: 92 daAuts
